 Dungeon Crawl Stone Soup version 0.30-a0-840-ga523dec638 (webtiles) character file.

Game seed: 3496145485470327282

2345 hikkokomori the Conjurer (level 9, -4/79 HPs)
             Began as a Purple Draconian Conjurer on Mar 2, 2023.
             Was a Believer of Vehumet.
             Killed by divine providence
             ... invoked by an orc priest
              (11 damage)
             ... on level 6 of the Dungeon.
             The game lasted 00:14:05 (5485 turns).

hikkokomori the Conjurer (DrCj)                     Turns: 5485, Time: 00:14:06

Health: -4/79      AC:  7    Str:  9    XL:     9   Next: 20%
Magic:  15/15      EV: 12    Int: 22    God:    Vehumet [**....]
Gold:   326        SH:  0    Dex: 11    Spells: 6/16 levels left

rFire   . . .      SeeInvis .    k - +5 trident (protect)
rCold   . . .      Faith    .    (no shield)
rNeg    . . .      Spirit   .    (body armour unavailable)
rPois   .          Reflect  .    (helmet restricted)
rElec   .          Harm     .    (no cloak)
rCorr   .          Rampage  .    (no gloves)
Will    +....                    (no boots)
Stlth   +++                      n - amulet of regeneration
HPRegen 1.13/turn                (no ring)
MPRegen 0.14/turn                (no ring)

@: short of breath
A: breathe power, AC +7, unfitting armour, cold-blooded
a: Breathe Dispelling Energy, Renounce Religion


You were on level 6 of the Dungeon.
You worshipped Vehumet.
Vehumet was pleased with you.
You visited 1 branch of the dungeon, and saw 6 of its levels.
You also visited: Ossuary.

You collected 326 gold pieces.

Inventory:

Hand Weapons
 c - a +0 sling
 k - a +5 trident of protection (weapon)
 m - a +0 dagger of draining
Missiles
 o - a poisoned dart
 r - 2 throwing nets
Jewellery
 f - an amulet of guardian spirit
 n - an amulet of regeneration (around neck)
Wands
 q - a wand of iceblast (9)
 z - a wand of flame (22)
Scrolls
 d - 2 scrolls of teleportation
 h - a scroll of fear
 j - 5 scrolls of amnesia
 s - a scroll of brand weapon
 u - 3 scrolls of vulnerability
Potions
 a - 2 potions of magic
 b - a potion of mutation {unknown}
 e - 2 potions of ambrosia
 g - a potion of haste {unknown}
 i - a potion of lignification {unknown}
 l - 3 potions of curing
 p - a potion of flight
 t - a potion of heal wounds {unknown}
 v - 2 potions of berserk rage {unknown}
 w - a potion of resistance {unknown}
 A - 2 potions of brilliance


   Skills:
 + Level 7.3 Fighting
 + Level 2.6 Polearms
 - Level 1.8 Dodging
 + Level 4.6 Stealth
 + Level 4.0 Spellcasting
 - Level 7.3 Conjurations
 - Level 5.5 Hexes
 + Level 1.7 Poison Magic


You had 6 spell levels left.
You knew the following spells:

 Your Spells              Type           Power      Damage    Failure   Level
a - Magic Dart            Conj           100%       1d8       1%          1
b - Searing Ray           Conj           72%        2d7       1%          2
c - Fulminant Prism       Conj/Hex       16%        3d10      8%          4
d - Mephitic Cloud        Conj/Pois/Air  17%        N/A       10%         3

Your spell library contained the following spells:

 Spells                   Type           Power      Damage    Failure   Level
 Momentum Strike          Conj/Tloc      40%        3d9       3%          2
 Dazzling Flash           Conj/Hex       64%        N/A       2%          3
 Tukima's Dance           Hex            28%        N/A       3%          3
 Portal Projectile        Hex/Tloc       32%        N/A       11%         3
 Iskenderun's Mystic Bla  Conj/Tloc      20%        2d6       24%         4
 Olgreb's Toxic Radiance  Pois           11%        N/A       50%         4
 Summon Mana Viper        Hex/Summ       16%        N/A       69%         5
 Blade Hands              Tmut           2%         N/A       97%         5
 Summon Forest            Summ/Tloc      2%         N/A       97%         5
 Eringya's Noxious Bog    Tmut/Pois      4%         N/A       100%        6
 Summon Cactus Giant      Summ           2%         N/A       100%        6


Dungeon Overview and Level Annotations

Branches:
Dungeon (6/15)            Ossuary (visited)
 Temple: D:4-7

Altars:
Ashenzari
Fedhas
Hepliaklqana
Kikubaaqudgha
Vehumet

Annotations:
D:6 Grinder


Innate Abilities, Weirdness & Mutations

You can breathe bolts of dispelling energy.
Your rich purple scales are hard. (AC +7)
You cannot fit into any form of body armour.
You are cold-blooded and may be slowed by cold attacks.


Message History

The orc warrior is moderately wounded.
The orc warrior hits you with a +0 battleaxe!
You hit the orc warrior.
You tail-slap the orc warrior, but do no damage.
The orc warrior is moderately wounded.
The orc warrior barely misses you.
The orc warrior hits you with a +0 battleaxe!
You are too injured to fight recklessly!
You are too injured to fight recklessly!
You are too injured to fight recklessly!
There are monsters nearby!
Unknown command.
Aiming: Breathe Dispelling Energy (4% risk of failure)
Press: ? - help, Shift-Dir - straight line, f - orc priest, p - orc warrior
Aim: an orc priest, wielding a +0 club (53% to hit)
You breathe a bolt of dispelling energy.
The bolt of dispelling energy hits the orc warrior!
The orc warrior is heavily wounded.
The bolt of dispelling energy misses the hornet.
The bolt of dispelling energy misses the orc priest.
The orc priest calls upon Beogh to heal the orc warrior.
The orc warrior is healed somewhat.
The orc warrior hits you with a +0 battleaxe!
* * * LOW HITPOINT WARNING * * *
The hornet attacks as you move away! The hornet stings you.
* * * LOW HITPOINT WARNING * * *
You feel yourself slow down.
The orc priest looks satisfied for a moment.
The orc priest calls upon Beogh to heal the orc warrior.
The orc warrior is healed somewhat.
The orc warrior attacks as you move away!
The orc warrior barely misses you. The hornet misses you.
You feel yourself speed up.
You are no longer corroded.
The hornet completely misses you.
The orc priest invokes the aid of Beogh against you.
Beogh smites you!
* * * LOW HITPOINT WARNING * * *
The orc priest mumbles some strange prayers to Beogh against you.
Beogh smites you!
You die...

.........# .........#
.....o...#
....o....## .
#.........# .....
#####.......#
......#...#...#..o##
....#...#...#...#y.##
....###.....###@.#.#
. #..#.#.....#.#...##
.##..##'......##...#
..#.#...##'##...#..#
........#...#......#
#.#.....#...#.)###.#
# #.....#.[.#......#
. #.#...#####...#..#
.##..##'...).'##...#


You could see a hornet, an orc warrior and 2 orc priests.

Vanquished Creatures
  3 yaks (D:6)
  Eustachio (D:5)
  A steam dragon (D:6)
  A black bear (D:6)
  2 ogres
  2 centaurs
  A phantom (D:6)
  A necrophage (D:5)
  A scorpion (D:5)
  3 vampire bats (D:5)
  A howler monkey (D:4)
  2 centaur zombies (Ossuary)
  6 hounds
  3 jellies
  An orc priest (D:5)
  4 iguanas
  2 orc wizards
  3 ogre zombies (Ossuary)
  7 mummies (Ossuary)
  4 gnolls (D:3)
  5 adders
  A shadow imp (D:5)
  A white imp (D:5)
  An ufetubus (D:6)
  4 adder zombies (Ossuary)
  3 dart slugs
  20 orcs
  2 bats
  4 bat skeletons (D:5)
  2 bat zombies (D:5)
  8 endoplasms
  2 giant cockroaches
  2 gnoll zombies (Ossuary)
  2 goblins (D:2)
  3 hobgoblins
  2 jackals (D:2)
  7 kobolds
  3 quokkas
  3 ball pythons
  A frilled lizard (D:1)
  3 goblin zombies (Ossuary)
  3 hobgoblin zombies (Ossuary)
  5 kobold zombies (Ossuary)
  An orc zombie (Ossuary)
  3 quokka zombies (Ossuary)
  5 rats
  4 rat zombies (Ossuary)
149 creatures vanquished.

Vanquished Creatures (others)
  6 fulminant prisms
  12 plants (D:6)
18 creatures vanquished.

Grand Total: 167 creatures vanquished

Notes
Turn   | Place    | Note
-------+----------+-------------------------------------------
     0 | D:1      | hikkokomori the Draconian Conjurer began the quest for the
                  | Orb.
     0 | D:1      | Reached XP level 1. HP: 14/14 MP: 3/3
   431 | D:1      | Reached XP level 2. HP: 20/22 MP: 5/5
   633 | D:1      | Reached skill level 1 in Fighting
   843 | D:2      | Learned a level 2 spell: Searing Ray
   996 | D:2      | Reached XP level 3. HP: 28/28 MP: 2/6
  2050 | D:3      | Reached XP level 4. HP: 19/36 MP: 0/7
  2589 | D:4      | Reached XP level 5. HP: 44/44 MP: 8/8
  2703 | D:4      | Reached skill level 5 in Conjurations
  2896 | D:4      | Found a blossoming altar of Fedhas.
  2904 | D:4      | Reached XP level 6. HP: 38/51 MP: 9/9
  3230 | D:5      | Entered Level 5 of the Dungeon
  3238 | D:5      | Learned a level 4 spell: Fulminant Prism
  3266 | D:5      | Found a radiant altar of Vehumet.
  3278 | D:5      | Became a worshipper of Vehumet
  3353 | D:5      | Reached skill level 1 in Hexes
  3353 | D:5      | Your scales start taking on a rich purple colour.
  3353 | D:5      | Reached XP level 7. HP: 60/60 MP: 4/10
  3488 | D:5      | Found a sand-covered staircase.
  3492 | Ossuary  | Entered an ossuary
  3686 | Ossuary  | Reached skill level 5 in Fighting
  3728 | Ossuary  | Reached * piety under Vehumet
  3728 | Ossuary  | Offered knowledge of Freeze by Vehumet.
  4049 | D:5      | Noticed Eustachio
  4060 | D:5      | Killed Eustachio
  4061 | D:5      | Reached XP level 8. HP: 54/70 MP: 0/11
  4216 | D:5      | Found a broken altar of Ashenzari.
  4220 | D:5      | Saw a vision of the Shoals and the Snake Pit.
  4220 | D:5      | Noticed a black mamba
  4220 | D:5      | Noticed a snapping turtle
  4220 | D:5      | Noticed a naga sharpshooter
  4220 | D:5      | Noticed a wind drake
  4220 | D:5      | Noticed a sea snake
  4220 | D:5      | Noticed a black mamba
  4220 | D:5      | Noticed a black mamba
  4220 | D:5      | Noticed a naga mage
  4220 | D:5      | Noticed a black mamba
  4220 | D:5      | Noticed a naga mage
  4220 | D:5      | Noticed a merfolk siren
  4220 | D:5      | Noticed a cyclops
  4220 | D:5      | Noticed a naga mage
  4220 | D:5      | Noticed a black mamba
  4220 | D:5      | Noticed a merfolk avatar
  4220 | D:5      | Noticed a sea snake
  4221 | D:5      | Noticed a water nymph
  4221 | D:5      | Noticed a sea snake
  4578 | D:5      | Found an ancient bone altar of Kikubaaqudgha.
  4588 | D:5      | Offered knowledge of Momentum Strike by Vehumet.
  4594 | D:5      | Reached ** piety under Vehumet
  4811 | D:6      | Reached skill level 5 in Hexes
  4811 | D:6      | Noticed Grinder
  4820 | D:6      | Found a hazy altar of Hepliaklqana.
  4993 | D:6      | Noticed a hornet
  5252 | D:6      | Reached skill level 1 in Polearms
  5278 | D:6      | Got Sif Muna's Guide on Putridity
  5283 | D:6      | Learned a level 3 spell: Mephitic Cloud
  5381 | D:6      | Reached skill level 1 in Poison Magic
  5381 | D:6      | Reached XP level 9. HP: 78/79 MP: 8/14
  5485 | D:6      | Killed from afar by an orc priest

Illustrated notes

Levels and vault maps discovered:
D:1:      ncdulo_smallfort, layout_basic, chequers_serial_rivers_marsh,
          serial_park_tiny_2
D:2:      layout_rooms, palyth_stone_intersect
D:3:      layout_rooms
D:4:      layout_basic, mainiacjoe_overflow_surrounded_room
D:5:      layout_basic, kennysheep_vampire_church, grunt_ashenzari_visionary
          [grunt_ashenzari_visionary_shoals, grunt_ashenzari_visionary_snake],
          mainiacjoe_overflow_24_doors, enter_ossuary_5,
          chequers_serial_rivers_micro_c, minmay_misc_feat_ornament,
          minmay_fountain_box, uniq_eustachio
D:6:      layout_cave_pools, nicolae_hepliaklqana_hazy_memory,
          mainiacjoe_overflow_alcove_4, grunt_dithmenos_shadows,
          minmay_fractal_squares_diagonal_5, uniq_grinder

Skill      XL: |  1  2  3  4  5  6  7  8  9 |
---------------+----------------------------+-----
Stealth        | 2 3 4 |  4.6
Fighting       | 1 2 3 4 5 7 |  7.3
Conjurations   | 5 6 7 |  7.3
Hexes          | 1 4 5 |  5.5
Polearms       | 2 |  2.6
Spellcasting   | 3 4 |  4.0
Poison Magic   | 1 |  1.7
Dodging        | |  1.8

Action                     |  1- 3 |  4- 6 |  7- 9 || total
---------------------------+-------+-------+-------++-------
  Melee: Tailslap          |     1 |     5 |    33 ||    39
         Unarmed           |     1 |       |       ||     1
         Trident           |    10 |    58 |   245 ||   313
         Punch             |       |       |     5 ||     5
   Fire: Sling             |    36 |       |       ||    36
  Throw: Dart              |       |     1 |       ||     1
   Cast: Magic Dart        |    46 |    11 |     1 ||    58
         Searing Ray       |     3 |    10 |    10 ||    23
         Fulminant Prism   |       |       |     6 ||     6
Ability: Breathe Dispellin |       |       |     4 ||     4
  Evoke: Wand              |       |       |     1 ||     1
    Use: Scroll            |       |     1 |    17 ||    18
   Stab: Sleeping          |       |     5 |    20 ||    25
         Distracted        |       |       |     1 ||     1
 Armour: Skin              |     5 |    26 |   103 ||   134
  Dodge: Dodged            |    14 |    42 |   182 ||   238

Table legend: (Time is in decaauts)
 A = Elapsed time spent in this place.
 B = Non-inter-level travel time spent in this place.
 C = Inter-level travel time spent in this place.
 D = Time resting spent in this place.
 E = Time spent auto-exploring this place.
 F = Levels seen in this place.
 G = Mean time per level.
                   A        B        C        D        E       F      G
               +--------+--------+--------+--------+--------+-----+--------+
         Total |   5597 |   5389 |    208 |    336 |   3764 |   7 |  799.6 |
       Dungeon |   5090 |   4882 |    208 |    336 |   3477 |   6 |  848.3 |
       Ossuary |    506 |    506 |      0 |      0 |    287 |   1 |  506.0 |
               +--------+--------+--------+--------+--------+-----+--------+

Top non-repeatable levels by time:
     D:5: 1433 daAuts
     D:3: 867 daAuts
     D:1: 852 daAuts
     D:2: 825 daAuts
     D:4: 716 daAuts
 Ossuary: 506 daAuts
     D:6: 394 daAuts
